 Dungeon Crawl Stone Soup version 0.30-a0-748-ge6a52f7cba (webtiles) character file.

Game seed: 13961734875945009801

170 Esekla the Covert (level 5, -2/36 HPs)
             Began as an Octopode Delver on Feb 8, 2023.
             Was an Initiate of Gozag.
             Killed from afar by Grinder (19 damage)
             ... with a bolt of light
             ... while paralysed by Grinder
             ... on level 5 of the Dungeon.
             The game lasted 00:05:34 (570 turns).

Esekla the Covert (Octopode Delver)                  Turns: 570, Time: 00:05:34

Health: -2/36      AC:  1    Str: 12    XL:     5   Next: 50%
Magic:  7/7        EV:  2    Int: 14    God:    Gozag
Gold:   5          SH:  0    Dex: 13    Spells: 7/7 levels left

rFire   . . .      SeeInvis .    a - +0 falchion
rCold   . . .      Faith    .    (no shield)
rNeg    . . .      Spirit   .    (helmet restricted)
rPois   .          Reflect  .    (no amulet)
rElec   .          Harm     .    (no ring)
rCorr   .          Rampage  .    (no ring)
Will    .....                    (no ring)
Stlth   +++++                    (no ring)
HPRegen 0.26/turn                (no ring)
MPRegen 0.10/turn                (no ring)
                                 (no ring)
                                 (no ring)

@: paralysed
A: almost no armour, amphibious, 8 rings, camouflage 1, gelatinous body 1,
(nimble swimmer 1), tentacles
a: Renounce Religion, Potion Petition, Call Merchant, Bribe Branch


You were on level 5 of the Dungeon.
You worshipped Gozag.
Gozag was noncommittal.
You visited 2 branches of the dungeon, and saw 2 of its levels.

You collected 7 gold pieces.
You paid 2 gold pieces to Gozag.

Inventory:

Hand Weapons
 a - a +0 falchion (weapon)
 d - a +0 dagger
Wands
 f - a wand of digging (3)
Scrolls
 b - a scroll of fog
 c - a scroll of magic mapping
 e - a scroll of teleportation {unknown}
 g - a scroll of amnesia {unknown}


   Skills:
 * Level 3.6 Fighting
 * Level 2.6 Long Blades
 * Level 2.6 Dodging
 + Level 8.0 Stealth
 * Level 1.7 Spellcasting


You had 7 spell levels left.
You didn't know any spells.
Your spell library was empty.

Dungeon Overview and Level Annotations

Branches:
Dungeon (5/15)             Temple (1/1) D:5

Altars:
Ashenzari
Cheibriados
Dithmenos
Fedhas
Gozag
Hepliaklqana
Kikubaaqudgha
Makhleb
Qazlal
Ru
Sif Muna
Trog
Wu Jian
Xom
Yredelemnul
Zin

Shops:
D:5 [

Annotations:
D:5 Grinder


Innate Abilities, Weirdness & Mutations

You cannot wear most types of armour.
You are amphibious.
You can wear up to eight rings at the same time.
Your skin changes colour to match your surroundings (Stealth+).
Your rubbery body absorbs attacks. (AC +1, EV +1)
((You are camouflaged when in or above water. (Stealth+)))
You have tentacles for arms and can constrict up to eight enemies at once.


Message History

Found a blossoming altar of Fedhas.
Found an ornate altar of the Wu Jian Council.
Found a hazy altar of Hepliaklqana.
Found a shadowy altar of Dithmenos.
Found a sacrificial altar of Ru.
Found a glowing silver altar of Zin.
Found a shimmering altar of Xom.
There is a sacrificial altar of Ru here.
Found a shimmering blue altar of Sif Muna.
Found a stormy altar of Qazlal.
Found an ancient bone altar of Kikubaaqudgha.
Found a basalt altar of Yredelemnul.
There is a stormy altar of Qazlal here.
Found an opulent altar of Gozag.
Found a snail-covered altar of Cheibriados.
There is an opulent altar of Gozag here.
You curl up in front of the altar of Gozag.
Gozag welcomes you!
You pay a service fee of 2 gold.
You enter the deep water.
You aren't carrying any potions.
Okay, then.
There is a staircase back to the Dungeon, spattered with blood here.
You climb upwards.
Level annotation: Grinder Grinder zaps a wand.
The bolt of light hits you!!
Ouch! That really hurt!
Grinder blinks!
There is a staircase to the Ecumenical Temple here.
Grinder gestures at you. You resist with significant effort.
A gnoll comes into view. It is wielding a +0 club.
The gnoll closely misses you.
There is a fountain of clear blue water here.
Grinder gestures at you.
You suddenly lose the ability to move!
Grinder zaps a wand.
The bolt of light hits you!!
Ouch! That really hurt!
You die...
Your body crumbles into a pile of gold.

..............#.........#.#
## #####.#................#
########.#....#g.⌠...⌠..#.#
...........>..#.........#.#
########.##........5......#
.............>#.........#.#
########.####.#.gg...⌠..#.#
......##.# #.............#
.####.##.# ###.@.......#..
.# #.##.# ##.##.##.## # .#
#.##.# #..##.# .#
.####.##.######.##..# ..
......##...........## ##
..........########.#
.####.##..# #.# .####<##..#
#.# ..........# #.#


You could see Grinder and 3 gnolls.

Vanquished Creatures
  A necrophage (D:5)
  A scorpion (D:5)
  A howler monkey (D:5)
  An adder (D:5)
  A dart slug (D:5)
  2 orcs (D:5)
  A quokka (Temple)
8 creatures vanquished.

Notes
Turn   | Place    | Note
-------+----------+-------------------------------------------
     0 | D:5      | Esekla the Octopode Delver began the quest for the Orb.
     0 | D:5      | Reached XP level 1. HP: 16/16 MP: 1/1
     0 | D:5      | Found a staircase to the Ecumenical Temple.
     3 | D:5      | Noticed Grinder
    24 | D:5      | Noticed a scorpion
    30 | D:5      | Noticed an ice beast
    37 | D:5      | Noticed a necrophage
    38 | D:5      | Noticed a howler monkey
    78 | D:5      | Noticed a scorpion
    83 | D:5      | Killed a scorpion
    84 | D:5      | Reached skill level 7 in Stealth
    84 | D:5      | Reached XP level 2. HP: 8/21 MP: 1/3
    84 | D:5      | Reached XP level 3. HP: 10/26 MP: 1/4
    91 | D:5      | Reached XP level 4. HP: 14/31 MP: 1/5
   219 | D:5      | Killed a necrophage
   220 | D:5      | Reached skill level 1 in Spellcasting
   220 | D:5      | Reached XP level 5. HP: 30/36 MP: 6/6
   253 | D:5      | Reached skill level 8 in Stealth
   327 | D:5      | Found Worudysu's Armour Shoppe.
   430 | Temple   | Entered the Ecumenical Temple
   552 | Temple   | Became a worshipper of Gozag Ym Sagoz the Greedy
   569 | D:5      | Paralysed by Grinder for 3 turns
   570 | D:5      | Killed from afar by Grinder

Illustrated notes

Levels and vault maps discovered:
D:5:      dreamdust_elfheim, layout_basic, minmay_temple_entry_large_hall,
          serial_shops, kennysheep_little_box, serial_park_tiny_1, uniq_grinder,
          uniq_eustachio, uniq_duvessa
Temple:   nicolae_temple_superstar

Skill      XL: |  1  2  3  4  5 |
---------------+----------------+-----
Stealth        | 7 8 |  8.0
Spellcasting   | 1 |  1.7
Fighting       | |  3.6
Long Blades    | |  2.6
Dodging        | |  2.6

Action                     |  1- 3 |  4- 6 || total
---------------------------+-------+-------++-------
  Melee: Falchion          |     5 |    11 ||    16
         Tentacles         |     2 |     3 ||     5
         Constrict         |     2 |     3 ||     5
         Dagger            |       |     2 ||     2
    Use: Potion            |     1 |       ||     1
         Scroll            |       |     1 ||     1
   Stab: Sleeping          |       |     2 ||     2
 Armour: Skin              |     1 |       ||     1
  Dodge: Dodged            |     1 |     3 ||     4

Table legend: (Time is in decaauts)
 A = Elapsed time spent in this place.
 B = Non-inter-level travel time spent in this place.
 C = Inter-level travel time spent in this place.
 D = Time resting spent in this place.
 E = Time spent auto-exploring this place.
 F = Levels seen in this place.
 G = Mean time per level.
                   A        B        C        D        E       F      G
               +--------+--------+--------+--------+--------+-----+--------+
         Total |    551 |    551 |      0 |    113 |     80 |   2 |  275.5 |
       Dungeon |    417 |    417 |      0 |     76 |     20 |   1 |  417.0 |
        Temple |    134 |    134 |      0 |     37 |     60 |   1 |  134.0 |
               +--------+--------+--------+--------+--------+-----+--------+

Top non-repeatable levels by time:
     D:5: 417 daAuts
  Temple: 134 daAuts
